 Dungeon Crawl Stone Soup version 0.30-a0-937-ga0a21ad780 (webtiles) character file.

Game seed: 3094912904107152363

39 Demosthentine the Ducker (level 3, -1/28 HPs)
             Began as a Demonspawn Gladiator on Mar 24, 2023.
             Slain by a goblin
             ... wielding a +0 dagger
             ... led by Robin
              (2 damage)
             ... on level 1 of the Dungeon.
             The game lasted 00:00:47 (1014 turns).

Demosthentine the Ducker (Demonspawn Gladiator)     Turns: 1014, Time: 00:00:48

Health: -1/28      AC:  5    Str: 22    XL:     3   Next: 26%
Magic:  3/3        EV: 12    Int:  9    God:
Gold:   52         SH:  0    Dex: 14    Spells: 2/2 levels left

rFire   . . .      SeeInvis .    a - +0 trident
rCold   . . .      Faith    .    (no shield)
rNeg    . . .      Spirit   .    b - +0 leather armour
rPois   .          Reflect  .    c - +0 helmet
rElec   .          Rampage  .    (no cloak)
rCorr   .                        (no gloves)
Will    .....                    (no boots)
Stlth   +                        (no amulet)
HPRegen 0.24/turn                j - +6 ring of strength
MPRegen 0.08/turn                (no ring)

@: lethally poisoned (-1 -> -1), attractive
A: sharp scales 1
a: no special abilities


You were on level 1 of the Dungeon.
You visited 1 branch of the dungeon, and saw 2 of its levels.

You collected 52 gold pieces.

Inventory:

Hand Weapons
 a - a +0 trident (weapon)
Missiles
 e - a javelin (quivered)
Armour
 b - a +0 leather armour (worn)
 c - a +0 helmet (worn)
Jewellery
 j - a +6 ring of strength (left hand)


   Skills:
 + Level 2.5 Fighting
 + Level 3.0 Polearms
 - Level 1.7 Throwing
 + Level 1.1 Armour
 + Level 3.1 Dodging


You had 2 spell levels left.
You didn't know any spells.
Your spell library contained the following spells:

 Spells                   Type           Power      Damage    Failure   Level
 Ensorcelled Hibernation  Hex/Ice        0%         N/A       56%         2
 Passwall                 Tmut/Erth      0%         N/A       56%         2
 Swiftness                Air            0%         N/A       80%         3


Dungeon Overview and Level Annotations

Branches:
Dungeon (2/15)

Altars:

Annotations:
D:2 Robin


Innate Abilities, Weirdness & Mutations

You are partially covered in razor-sharp scales. (AC +1, Slay +1)


Message History

The goblin hits you but does no damage.
Throw: throwing net
Press: ? - help, Q - select action, (/) - cycle Shift-Dir - straight line, f/p - goblin
Aim: a goblin, wielding a +0 dagger of venom (53% to hit)
You throw a throwing net. The throwing net hits the goblin.
The goblin is caught in the net!
You feel your willpower return.
You feel very sick.
The goblin struggles against the net.
The goblin closely misses you.
You puncture the goblin!
You kill the goblin!
You feel very sick. The goblin hits you but does no damage.
* * * LOW HITPOINT WARNING * * *
You feel very sick.
Items here: (( ) †.
Unknown command.
It was a potion of attraction.
You feel attractive to monsters.
* * * LOW HITPOINT WARNING * * *
You feel sick. The goblin hits you but does no damage.
You barely miss the goblin.
* * * LOW HITPOINT WARNING * * *
You feel sick. The goblin barely misses you.
The goblin hits you but does no damage.
Unknown command.
You hit the goblin.
The goblin is moderately wounded.
* * * LOW HITPOINT WARNING * * *
You feel sick. The goblin barely misses you.
You closely miss the goblin.
The goblin is moderately wounded.
* * * LOW HITPOINT WARNING * * *
You feel sick. The goblin hits you but does no damage.
Unknown command.
You closely miss the goblin.
The goblin is moderately wounded.
* * * LOW HITPOINT WARNING * * *
You feel sick. The goblin hits you with a +0 dagger.
You die...

### ##### ##.## ##...#
###########...#### ...#†####
#..............>.. ........#
#.#########...#### .##.#.#.# #.#
##.## .##.#.#.# #.# #.# ..#.#.#.#
#.### #.# .#..#.#.# #@g.# ##+##
.#.##.#.# ###.# ##...## .#.##.#.#
##.# ##.....## .#..#.#.# ##..#
##.......##
........########...####.........#
......................'.........'
##...###########...####.........#
#..## ##..## ##.......## ##.##
####...## ##.....##


You could see a goblin.

Vanquished Creatures
  3 dart slugs (D:1)
  5 ball pythons (D:1)
  3 endoplasms (D:1)
  3 giant cockroaches (D:1)
  5 hobgoblins (D:1)
  A quokka (D:1)
  2 goblins (D:1)
  3 kobolds (D:1)
  3 rats (D:1)
28 creatures vanquished.

Notes
Turn   | Place    | Note
-------+----------+-------------------------------------------
     0 | D:1      | Demosthentine the Demonspawn Gladiator began the quest for
                  | the Orb.
     0 | D:1      | Reached XP level 1. HP: 16/16 MP: 1/1
    54 | D:1      | Gained mutation: You are partially covered in razor-sharp
                  | scales. (AC +1, Slay +1) [demonic ancestry]
    54 | D:1      | Reached XP level 2. HP: 14/22 MP: 2/2
   480 | D:1      | Reached skill level 1 in Armour
   573 | D:1      | Reached XP level 3. HP: 28/28 MP: 3/3
  1000 | D:2      | Noticed Robin
  1014 | D:1      | HP: 1/28 [poisoned by a goblin]
  1014 | D:1      | Slain by a goblin

Illustrated notes

Levels and vault maps discovered:
D:1:      amcnicky_arrival_single_pillar, layout_loops_corners
D:2:      minmay_wonky_spiral, layout_basic, minmay_liquid_box,
          nrook_mini_vaults, uniq_crazy_yiuf_cottage, uniq_robin

Skill      XL: |  1  2 |
---------------+-------+-----
Polearms       | 3 |  3.0
Dodging        | 3 |  3.1
Armour         | 1 |  1.1
Fighting       | |  2.5
Throwing       | |  1.7

Action                     || total
---------------------------++-------
  Melee: Trident           ||    76
  Throw: Throwing net      ||     3
    Use: Scroll            ||     4
         Potion            ||     1
   Stab: Sleeping          ||     3
 Armour: Leather armour    ||    29
  Dodge: Dodged            ||    38

Table legend: (Time is in decaauts)
 A = Elapsed time spent in this place.
 B = Non-inter-level travel time spent in this place.
 C = Inter-level travel time spent in this place.
 D = Time resting spent in this place.
 E = Time spent auto-exploring this place.
 F = Levels seen in this place.
 G = Mean time per level.
                   A        B        C        D        E       F      G
               +--------+--------+--------+--------+--------+-----+--------+
         Total |   1024 |    991 |     33 |      0 |    810 |   2 |  512.0 |
       Dungeon |   1024 |    991 |     33 |      0 |    810 |   2 |  512.0 |
               +--------+--------+--------+--------+--------+-----+--------+

Top non-repeatable levels by time:
     D:1: 1021 daAuts
     D:2: 3 daAuts
